AoeStats
← Random

Lombardia

510011697Analyzed
4v4 RM · 3d ago on Sep 29, 2026· 87m 23s· 8 players
Game mode
Random Map
Map size
Large (8 player)
Population
200
Speed
Normal
Resources
Standard
Victory
Conquest
Starting age
Dark Age
Ending age
Imperial Age
RankedLock teamsTeams togetherTeam positionsShared explorationLock speedFull tech treeHidden civsTurbo modeCheats
Victory
Defeat
🇨🇳 Mongols · China
1631
+18
🇩🇪 Hindustanis · Germany
1628
+19
🇨🇱 Huns · Chile
1563
+21
🇺🇸 Spanish · United States
1555
+21
🇦🇷 Magyars · Argentina
1838
-26
1739
-22
🇵🇪 Khmer · Peru
1618
-17
🇵🇪 Saracens · Peru
1526
-14
AticAtac
9:15 Feudal Age
9:56 Double-Bit Axe
10:19 Loom
11:53 Horse Collar
15:21 Wheelbarrow
19:06 Bloodlines
19:37 Scale Barding Armor
20:23 Forging
24:21 Castle Age
24:24 Light Cavalry
25:05 Husbandry
25:13 Gold Mining
25:28 Heavy Plow
25:38 Bow Saw
27:56 Gold Shaft Mining
27:42 Chain Barding Armor
29:15 Iron Casting
30:25 Hand Cart
38:05 Imperial Age
36:34 Fletching
38:08 Heavy Camel Rider
39:25 Plate Barding Armor
39:51 Two-Man Saw
38:43 Stone Mining
40:53 Stone Shaft Mining
41:24 Blast Furnace
40:28 Grand Trunk Road
40:48 Imperial Camel Rider
42:35 Conscription
42:54 Town Watch
44:07 Caravan
50:35 Bodkin Arrow
51:11 Coinage
52:05 Masonry
52:58 Chemistry
52:59 Siege Engineers
54:17 Banking
54:22 Shatagni
57:38 Fortified Wall
58:08 Padded Archer Armor
59:46 Leather Archer Armor
62:22 Ring Archer Armor
61:54 Bracer
76:53 Ballistics
80:20 Sanctity
80:13 Fervor
85:12 Hoardings
Random
7:44 Loom
9:52 Feudal Age
10:27 Double-Bit Axe
10:22 Horse Collar
21:46 Castle Age
20:39 Padded Archer Armor
22:41 Bow Saw
22:32 Heavy Plow
22:36 Husbandry
22:46 Bloodlines
23:23 Gold Mining
23:54 Leather Archer Armor
27:39 Wheelbarrow
35:09 Imperial Age
36:53 Two-Man Saw
36:24 Ring Archer Armor
37:13 Pikeman
37:53 Squires
37:54 Scale Mail Armor
38:04 Forging
37:45 Stone Mining
38:30 Coinage
38:01 Caravan
37:52 Halberdier
38:56 Chain Mail Armor
39:04 Conscription
38:42 Capped Ram
40:33 Iron Casting
41:22 Plate Mail Armor
43:27 Blast Furnace
43:59 Hoardings
44:09 Town Watch
44:39 Hand Cart
45:38 Chemistry
47:52 Cavalier
48:38 Scale Barding Armor
49:49 Coinage
52:16 Elite Conquistador
53:10 Masonry
53:21 Ballistics
52:52 Fletching
57:30 Bodkin Arrow
62:46 Bracer
72:27 Architecture
72:08 Fortified Wall
83:01 Banking
82:41 Guilds
letmebelieve
3:14 Loom
9:20 Feudal Age
9:53 Double-Bit Axe
12:47 Horse Collar
18:37 Wheelbarrow
22:08 Castle Age
21:21 Bloodlines
23:04 Scale Barding Armor
23:13 Bow Saw
24:08 Forging
24:28 Husbandry
26:51 Chain Barding Armor
32:41 Hand Cart
38:43 Imperial Age
37:14 Gold Mining
37:15 Stone Mining
37:51 Light Cavalry
39:19 Iron Casting
40:41 Plate Barding Armor
39:46 Cavalier
42:07 Gold Shaft Mining
41:34 Heavy Plow
42:35 Two-Man Saw
42:29 Conscription
43:23 Two-Man Saw
43:54 Blast Furnace
42:27 Elite Skirmisher
44:53 Paladin
49:26 Caravan
49:37 Guilds
50:30 Fletching
50:41 Padded Archer Armor
51:43 Chemistry
51:04 Ballistics
51:07 Hussar
52:20 Bodkin Arrow
57:00 Bracer
57:15 Leather Archer Armor
59:47 Thumb Ring
63:42 Heavy Cavalry Archer
64:48 Parthian Tactics
64:10 Capped Ram
64:46 Town Watch
65:25 Siege Ram
69:48 Town Patrol
73:17 Elite Tarkan
74:03 Marauders
Bz_青红
5:53 Loom
8:17 Feudal Age
9:57 Double-Bit Axe
11:15 Horse Collar
21:06 Castle Age
19:50 Bloodlines
24:14 Bow Saw
25:34 Heavy Plow
26:34 Fletching
28:18 Wheelbarrow
27:59 Bodkin Arrow
29:21 Ballistics
28:57 Gold Mining
30:37 Hand Cart
35:40 Imperial Age
33:46 Padded Archer Armor
33:51 Caravan
35:47 Elite Mangudai
37:31 Chemistry
36:33 Bracer
37:33 Conscription
37:36 Drill
37:14 Capped Ram
38:24 Siege Ram
39:58 Parthian Tactics
39:39 Thumb Ring
41:44 Onager
43:28 Siege Onager
45:54 Coinage
60:34 Banking
CTM | Pentrus
6:37 Loom
9:30 Feudal Age
11:57 Fletching
20:21 Double-Bit Axe
20:16 Horse Collar
25:43 Castle Age
24:50 Padded Archer Armor
26:51 Bow Saw
26:50 Bodkin Arrow
31:19 Wheelbarrow
35:14 Forging
41:10 Imperial Age
38:53 Stone Mining
38:54 Gold Mining
39:17 Heavy Plow
41:20 Leather Archer Armor
41:14 Scale Barding Armor
42:04 Iron Casting
42:00 Hand Cart
43:01 Two-Man Saw
41:30 Elite Mameluke
43:56 Chain Barding Armor
44:36 Blast Furnace
43:54 Bloodlines
44:11 Husbandry
44:58 Leather Archer Armor
46:01 Plate Barding Armor
47:16 Conscription
47:20 Caravan
48:03 Fortified Wall
49:33 Masonry
50:56 Light Cavalry
51:46 Pikeman
52:11 Man-at-Arms
52:52 Scale Mail Armor
54:46 Chemistry
61:51 Capped Ram
62:11 Onager
63:51 Counterweights
66:42 Siege Ram
66:46 Siege Onager
68:09 Siege Ram
71:20 Bracer
70:50 Heavy Camel Rider
75:02 Ballistics
78:33 Hoardings
84:15 Siege Engineers
CTMl cachi
7:09 Loom
9:47 Feudal Age
16:35 Castle Age
14:37 Double-Bit Axe
15:55 Horse Collar
22:48 Bow Saw
24:47 Fletching
26:59 Wheelbarrow
26:31 Heavy Plow
27:11 Town Watch
27:58 Stone Mining
27:58 Gold Mining
28:33 Hand Cart
33:03 Imperial Age
30:39 Bodkin Arrow
31:54 Gold Shaft Mining
32:35 Ballistics
32:58 Padded Archer Armor
33:17 Corvinian Army
33:46 Bracer
34:16 Conscription
33:26 Heavy Cavalry Archer
35:50 Leather Archer Armor
36:24 Scale Barding Armor
35:41 Elite Magyar Huszar
37:01 Parthian Tactics
38:53 Chemistry
39:05 Recurve Bow
39:47 Thumb Ring
40:35 Ring Archer Armor
40:53 Chain Barding Armor
41:01 Husbandry
41:12 Bloodlines
44:51 Plate Barding Armor
46:59 Scale Mail Armor
62:26 Chain Mail Armor
63:27 Pikeman
64:02 Halberdier
66:14 Caravan
67:40 Two-Man Saw
CTM | KanChon
6:35 Loom
9:30 Feudal Age
10:04 Double-Bit Axe
10:26 Horse Collar
18:32 Castle Age
16:46 Gold Mining
17:33 Scale Barding Armor
17:40 Bloodlines
19:40 Wheelbarrow
19:35 Bow Saw
19:53 Forging
20:52 Husbandry
30:36 Imperial Age
28:39 Chain Barding Armor
29:58 Town Watch
32:36 Fletching
33:19 Hand Cart
34:34 Iron Casting
35:51 Plate Barding Armor
37:34 Conscription
41:39 Blast Furnace
42:33 Bodkin Arrow
47:40 Ballistics
47:06 Light Cavalry
51:51 Chemistry
51:09 Bracer
51:10 Padded Archer Armor
50:41 Hussar
51:55 Caravan
54:50 Elite Battle Elephant
55:43 Tusk Swords
58:03 Elite Skirmisher
65:15 Pikeman
67:33 Halberdier
68:20 Scale Mail Armor
69:06 Coinage
70:27 Chain Mail Armor
CTM | Lelouch ELO bajito
8:57 Feudal Age
8:47 Loom
9:25 Double-Bit Axe
9:55 Domestication
15:20 Forging
16:48 Scale Barding Armor
22:40 Town Watch
25:28 Castle Age
25:06 Gold Mining
25:06 Stone Mining
25:29 Light Cavalry
26:45 Iron Casting
26:36 Bow Saw
26:31 Pastoralism
27:02 Husbandry
28:43 Wheelbarrow
34:42 Fletching
40:05 Stone Shaft Mining
40:16 Hand Cart
40:01 Town Patrol
40:16 Hand Cart
40:01 Town Patrol
44:09 Imperial Age
42:03 Bodkin Arrow
42:09 Padded Archer Armor
43:15 Chain Barding Armor
43:26 Ballistics
42:56 Heavy Cavalry Archer
44:06 Leather Archer Armor
44:28 Thumb Ring
44:52 Bracer
45:54 Chemistry
45:23 Parthian Tactics
46:31 Ring Archer Armor
46:14 Masonry
45:44 Treadmill Crane
46:34 Conscription
46:44 Hussar
48:27 Plate Barding Armor
47:38 Elite Steppe Lancer
49:20 Ordo Cavalry
54:05 Caravan
59:34 Siege Engineers
68:00 Guilds
67:19 Elite Liao Dao
69:36 Guilds
69:16 Heavy Rocket Cart
70:13 Murder Holes
72:19 Capped Ram
75:08 Siege Ram
78:18 Scale Mail Armor
83:07 Heavy Camel Rider
84:31 Heavy Camel Rider
Connection lost

Rejoining the realm…

Still unreachable

The connection could not be restored.

Session expired

The server has moved on; the page needs a fresh start.